[Event "33rd Croatian Junior League 2024"]
[Site "Novalja"]
[Date "2024.04.06"]
[Round "7.7"]
[White "Simunkovic, Bartol"]
[Black "Sagovac, Kristijan"]
[Result "0-1"]
[ECO "B33"]
[WhiteElo "1885"]
[BlackElo "2030"]
[Annotator "RC"]
[PlyCount "92"]
[EventDate "2024.03.28"]
[EventType "team-tourn"]
[EventCountry "CRO"]
[SourceTitle "playchess.com"]
[Source "ChessBase"]
[SourceQuality "1"]
[TimeControl "5400+30"]

1. e4 c5 2. Nf3 Nc6 3. d4 cxd4 4. Nxd4 Nf6 5. Nc3 e5 6. Ndb5 d6 7. Bg5 a6 8. Na3 b5 9. Nd5 Be7 10. Bxf6 Bxf6 11. c4 b4 12. Nc2 O-O 13. Ndxb4 Nxb4 14. Nxb4 Qb6 15. Qd2 Rb8 16. Nd5 Qxb2 17. Qxb2 Rxb2 18. Bd3 Bg5 19. O-O g6 20. Rfb1 Rd2 21. Rd1 Rb2 22. Rdb1 Rd2 23. Rd1 Rxd1+ 24. Rxd1 f5 25. Rb1 Rd8 26. g3 Kf7 27. Rb6 Bd2 28. Kf1 f4 29. Ke2 Ba5 30. Rb3 fxg3 31. hxg3 Rd7 32. Ra3 Bd8 33. Nb4 Bb6 34. Bc2 Kg7 35. Ba4 Rf7 36. f3 g5 37. Rd3 g4 38. fxg4 Rf2+ 39. Ke1 Rg2 40. Bd1 Bc5 41. Nd5 Rxa2 42. Ne3 Ra1 43. Kd2 Ra2+ 44. Kc3 Kf6 45. Nf5 a5 46. Bb3 Bb4# 0-1

[Event "33rd Croatian Junior League 2024"]
[Site "Novalja"]
[Date "2024.04.06"]
[Round "7.8"]
[White "Martic, Filip"]
[Black "Cvetkovic, Erik"]
[Result "1-0"]
[ECO "A43"]
[WhiteElo "1897"]
[BlackElo "1851"]
[Annotator "NA RC"]
[PlyCount "77"]
[EventDate "2024.03.28"]
[EventType "team-tourn"]
[EventCountry "CRO"]
[SourceTitle "playchess.com"]
[Source "ChessBase"]
[SourceQuality "1"]
[TimeControl "5400+30"]

1. d4 Nf6 2. Nf3 g6 3. Nc3 c5 4. d5 d6 5. e4 Qa5 6. Bd2 a6 7. Bd3 Bg4 8. O-O Bg7 9. h3 Bxf3 10. Qxf3 Nbd7 11. a4 O-O 12. Qe2 Qc7 13. f4 Rac8 14. Bc4 Ne8 15. Rae1 Qb8 16. g4 Nc7 $16 17. g5 e6 18. dxe6 Nxe6 19. Bxe6 fxe6 20. f5 exf5 21. exf5 Bd4+ 22. Kg2 Rce8 23. Qc4+ Kh8 24. f6 b5 25. axb5 axb5 26. Rxe8 Qxe8 27. Qxb5 Qa8+ 28. Kg3 Ne5 29. Qb6 Qe8 30. Qxd6 Nc4 31. Qe7 Be5+ 32. Bf4 Qxe7 33. fxe7 Rxf4 34. Rxf4 Nd6 35. Nd5 Kg7 36. Nf6 Kf7 37. e8=Q+ Nxe8 38. Nxe8+ Kxe8 39. Kf3 1-0

[Event "33rd Croatian Junior League 2024"]
[Site "Novalja"]
[Date "2024.04.06"]
[Round "7.9"]
[White "Troselj, Ivan"]
[Black "Zadro, Matej"]
[Result "1-0"]
[ECO "A00"]
[WhiteElo "2072"]
[BlackElo "1924"]
[Annotator "RC"]
[PlyCount "69"]
[EventDate "2024.03.28"]
[EventType "team-tourn"]
[EventCountry "CRO"]
[SourceTitle "playchess.com"]
[Source "ChessBase"]
[SourceQuality "1"]
[TimeControl "5400+30"]

1. e3 d5 2. b4 e5 3. Bb2 Bxb4 4. Bxe5 Nf6 5. Nf3 O-O 6. a3 Ba5 7. Be2 c5 8. O-O Nc6 9. Bb2 d4 10. d3 Bc7 11. Nbd2 dxe3 12. fxe3 Ng4 13. Ne4 Nxe3 14. Qd2 Nxf1 15. Rxf1 Nd4 16. Bd1 Bf5 17. Nxc5 Nxf3+ 18. Rxf3 Bg4 19. Qc3 f6 20. Qc4+ Rf7 21. Qxg4 Qd6 22. Ne4 Qxh2+ 23. Kf2 f5 24. Nf6+ Rxf6 25. Qc4+ Rf7 26. Rxf5 Bg3+ 27. Ke2 Qxg2+ 28. Ke3 Bf2+ 29. Kd2 Be3+ 30. Kxe3 Re8+ 31. Kd4 Qg1+ 32. Kc3 Qg6 33. Bg4 Qc6 34. Rc5 b5 35. Qxf7+ 1-0

[Event "33rd Croatian Junior League 2024"]
[Site "Novalja"]
[Date "2024.04.06"]
[Round "7.10"]
[White "Domovic, Ognjen"]
[Black "Damjanovic, Stjepan"]
[Result "1-0"]
[ECO "B01"]
[WhiteElo "1973"]
[BlackElo "2150"]
[Annotator "RC"]
[PlyCount "86"]
[EventDate "2024.03.28"]
[EventType "team-tourn"]
[EventCountry "CRO"]
[SourceTitle "playchess.com"]
[Source "ChessBase"]
[SourceQuality "1"]
[TimeControl "5400+30"]

1. e4 d5 2. exd5 Qxd5 3. Nc3 Qa5 4. d4 Nf6 5. Bd2 c6 6. Bc4 Bf5 7. Nd5 Qd8 8. Nxf6+ exf6 9. Ne2 Bd6 10. c3 O-O 11. O-O b5 12. Bb3 Nd7 13. Ng3 Bd3 14. Re1 Qc7 15. Qf3 Bg6 16. h4 h6 17. Qg4 Bxg3 18. Qxg6 Bh2+ 19. Kh1 Bf4 20. Re7 Ne5 21. dxe5 Qxe7 22. Bxf4 fxe5 23. Bg3 c5 24. Qe4 c4 25. Bc2 f5 26. Qxe5 Qxe5 27. Bxe5 Rae8 28. f4 Rd8 29. Rd1 g6 30. Kg1 Kf7 31. Rxd8 Rxd8 32. Bd4 Ke6 33. Kf2 a5 34. g4 Rg8 35. h5 gxh5 36. gxf5+ Kf7 37. Be4 Rd8 38. Bf3 b4 39. Bxh5+ Kg8 40. f6 b3 41. axb3 cxb3 42. f7+ Kh7 43. f5 Rxd4 1-0

[Event "33rd Croatian Junior League 2024"]
[Site "Novalja"]
[Date "2024.04.06"]
[Round "7.11"]
[White "Matosin, Jurica"]
[Black "Martic, Ivan"]
[Result "1/2-1/2"]
[ECO "B15"]
[WhiteElo "1928"]
[BlackElo "2300"]
[Annotator "RC"]
[PlyCount "77"]
[EventDate "2024.03.28"]
[EventType "team-tourn"]
[EventCountry "CRO"]
[SourceTitle "playchess.com"]
[Source "ChessBase"]
[SourceQuality "1"]
[TimeControl "5400+30"]

1. e4 c6 2. Nf3 d5 3. Nc3 dxe4 4. Nxe4 Nf6 5. Nxf6+ exf6 6. d4 Bf5 7. Be2 Bd6 8. O-O O-O 9. c4 Re8 10. Be3 Nd7 11. c5 Bc7 12. Qb3 Rb8 13. Bc4 Be6 14. Bxe6 fxe6 15. Qc4 Nf8 16. b4 Qd5 17. Qxd5 exd5 18. a4 Ne6 19. b5 Kf7 20. Rfb1 a6 21. g3 Ke7 22. b6 Bd8 23. Re1 Kf7 24. Bf4 Nxf4 25. gxf4 Be7 26. Re3 Bf8 27. Rae1 Re7 28. Nd2 Rbe8 29. Nb3 Rc8 30. Na5 Rb8 31. f5 g6 32. fxg6+ hxg6 33. Rxe7+ Bxe7 34. Re3 Kf8 35. Kf1 Kf7 36. Ke2 Bf8 37. Rh3 Kg7 38. f4 f5 39. Re3 1/2-1/2

[Event "33rd Croatian Junior League 2024"]
[Site "Novalja"]
[Date "2024.04.06"]
[Round "7.12"]
[White "Dimac, Petar"]
[Black "Bozic, Niko"]
[Result "0-1"]
[ECO "B22"]
[WhiteElo "1623"]
[BlackElo "1832"]
[Annotator "NA RC"]
[PlyCount "116"]
[EventDate "2024.03.28"]
[EventType "team-tourn"]
[EventCountry "CRO"]
[SourceTitle "playchess.com"]
[Source "ChessBase"]
[SourceQuality "1"]
[TimeControl "5400+30"]

1. e4 c5 2. c3 d5 3. exd5 Qxd5 4. d4 cxd4 5. cxd4 Nc6 6. Nf3 e5 7. Nc3 Bb4 8. dxe5 Qxd1+ 9. Kxd1 Bg4 10. Be2 O-O-O+ 11. Bd2 Nge7 12. Re1 Ng6 13. Rc1 Kb8 14. a3 Ba5 15. h3 Bxf3 16. Bxf3 Ncxe5 17. Be2 Nf4 18. Rg1 Nfd3 19. Bxd3 Nxd3 20. Rb1 Nxf2+ 21. Kc2 Rhe8 22. Rbe1 f6 23. Rgf1 Bxc3 24. Rxe8 Rxe8 25. Rxf2 Be5 26. Re2 Kc7 27. Bc3 Kd6 28. Rd2+ Ke6 29. Bxe5 fxe5 30. Kd1 Re7 31. Ke2 Rd7 32. Rc2 Kf5 33. Ke3 h5 34. Rf2+ Ke6 35. Rc2 b6 36. Rc6+ Kf5 37. Rc2 g5 38. Rc4 g4 39. hxg4+ hxg4 40. g3 Rd1 41. Rc3 Rf1 42. Ke2 Rh1 43. Rb3 Rh2+ 44. Ke1 Rc2 45. Kf1 Ke4 46. Rb4+ Ke3 47. Rb3+ Kd4 48. Ke1 Rg2 49. Kf1 Rd2 50. Ke1 Rc2 51. Kf1 e4 52. Rb4+ Rc4 53. Rb3 e3 54. Ke2 Rc2+ 55. Ke1 Ke4 56. Kd1 Rd2+ 57. Ke1 Kf3 58. Kf1 Rd1# 0-1

[Event "33rd Croatian Junior League 2024"]
[Site "Novalja"]
[Date "2024.04.07"]
[Round "8.1"]
[White "Gal, Andrej"]
[Black "Grgantov, Marin"]
[Result "1-0"]
[ECO "E04"]
[WhiteElo "2274"]
[BlackElo "2142"]
[Annotator "RC"]
[PlyCount "135"]
[EventDate "2024.03.28"]
[EventType "team-tourn"]
[EventCountry "CRO"]
[SourceTitle "playchess.com"]
[Source "ChessBase"]
[SourceQuality "1"]
[TimeControl "5400+30"]

1. d4 Nf6 2. c4 e6 3. Nf3 d5 4. g3 dxc4 5. Bg2 Nc6 6. Qa4 Nd7 7. Qxc4 Nb6 8. Qd3 e5 9. e3 Be6 10. Nbd2 Be7 11. O-O Bf6 12. Rd1 exd4 13. Nxd4 Nxd4 14. exd4 c6 15. Ne4 O-O 16. Nc5 Qc8 17. Nxe6 Qxe6 18. Be3 Rad8 19. Qc2 Rfe8 20. h4 Nd5 21. Bg5 Bxg5 22. hxg5 Nb6 23. Qc5 Qe7 24. Qa5 Nd5 25. Qd2 g6 26. Bf3 Nc7 27. Re1 Qd6 28. Qa5 Ne6 29. Qxa7 Nxd4 30. Bg2 Qb4 31. Rxe8+ Rxe8 32. b3 Re1+ 33. Rxe1 Qxe1+ 34. Kh2 Qxf2 35. Qb8+ Kg7 36. Qe5+ Kf8 37. Qb8+ Ke7 38. Qxb7+ Kd6 39. Qb8+ Kc5 40. Qf8+ Kb6 41. Qd8+ Kc5 42. Qe7+ Kb6 43. Qe4 Kc5 44. a3 Kb6 45. a4 Kc5 46. a5 Kb5 47. b4 Ka6 48. Qd3+ Ka7 49. Qc3 Kb8 50. Kh1 Ne2 51. Qe5+ Kb7 52. Kh2 Qg1+ 53. Kh3 Qf2 54. Kh2 Qg1+ 55. Kh3 Qf2 56. Qb5+ Ka7 57. Qd3 Nd4 58. Qc4 Qf5+ 59. Kh2 Nf3+ 60. Bxf3 Qxf3 61. Qd4+ Kb8 62. Qf4+ Qxf4 63. gxf4 Kb7 64. Kg3 Ka6 65. Kf3 Kb5 66. Ke4 c5 67. bxc5 Kxc5 68. Ke5 1-0

[Event "33rd Croatian Junior League 2024"]
[Site "Novalja"]
[Date "2024.04.07"]
[Round "8.2"]
[White "Begic, Domagoj"]
[Black "Franc, Borna"]
[Result "0-1"]
[ECO "A00"]
[WhiteElo "2069"]
[BlackElo "2221"]
[Annotator "RC"]
[PlyCount "58"]
[EventDate "2024.03.28"]
[EventType "team-tourn"]
[EventCountry "CRO"]
[SourceTitle "playchess.com"]
[Source "ChessBase"]
[SourceQuality "1"]
[TimeControl "5400+30"]

1. g3 e5 2. Bg2 Nc6 3. d3 h5 4. h3 d5 5. Nd2 Be6 6. c3 Qd7 7. b4 a5 8. b5 Nce7 9. a4 Ng6 10. h4 c6 11. Rb1 Nf6 12. Ngf3 e4 13. Nd4 e3 14. fxe3 Bd6 15. Nf1 c5 16. Nxe6 fxe6 17. Kd2 Ng4 18. Rg1 O-O 19. Kc2 Rf2 20. Bd2 Raf8 21. Kb2 N6e5 22. Ka1 Be7 23. Rc1 Qd6 24. Kb1 Nd7 25. c4 dxc4 26. Rxc4 Nde5 27. Rc1 c4 28. d4 Nd7 29. Rxc4 Rxg2 0-1

[Event "33rd Croatian Junior League 2024"]
[Site "Novalja"]
[Date "2024.04.07"]
[Round "8.3"]
[White "Marfat, Ivan"]
[Black "Poljak, Stipe"]
[Result "1-0"]
[ECO "B20"]
[WhiteElo "1903"]
[BlackElo "1979"]
[Annotator "NA RC"]
[PlyCount "93"]
[EventDate "2024.03.28"]
[EventType "team-tourn"]
[EventCountry "CRO"]
[SourceTitle "playchess.com"]
[Source "ChessBase"]
[SourceQuality "1"]
[TimeControl "5400+30"]

1. e4 c5 2. a3 g6 3. Nc3 Bg7 4. Bc4 d6 5. d3 Nc6 6. f4 e6 7. Nf3 Nge7 8. Ba2 a6 9. O-O Nd4 10. Kh1 O-O 11. Nxd4 cxd4 12. Ne2 d5 13. e5 f6 ({Black should try} 13... Qb6 $11) 14. Nxd4 fxe5 15. fxe5 $14 Bxe5 16. Nf3 Bg7 17. Qe2 Qd6 18. d4 Nc6 19. c3 Bd7 20. g3 Rae8 21. Bf4 Qe7 22. Rae1 Qd8 23. h4 Ne7 24. Bb1 Nf5 25. Ne5 Bb5 26. Bd3 Bxd3 27. Nxd3 Nd6 28. Nc5 Rf6 29. Qg4 h5 30. Qe2 b6 31. Nd3 Ne4 32. Kg2 Rff8 33. Nf2 Nxf2 34. Rxf2 b5 35. Rf3 Qd7 36. Re3 Kf7 37. Bg5 Bf6 38. Bf4 Re7 39. Rf1 Kg7 40. Re1 Rfe8 41. Rf1 Rf7 42. Re1 Rfe7 43. Rf1 Qb7 44. Bd6 Qc6 45. Bxe7 Rxe7 46. Ref3 Rf7 47. Rxf6 1-0

[Event "33rd Croatian Junior League 2024"]
[Site "Novalja"]
[Date "2024.04.07"]
[Round "8.4"]
[White "Pehar, Borna"]
[Black "Mesic, Josip"]
[Result "1/2-1/2"]
[ECO "C10"]
[WhiteElo "1988"]
[BlackElo "1745"]
[Annotator "NA RC"]
[PlyCount "57"]
[EventDate "2024.03.28"]
[EventType "team-tourn"]
[EventCountry "CRO"]
[SourceTitle "playchess.com"]
[Source "ChessBase"]
[SourceQuality "1"]
[TimeControl "5400+30"]

1. e4 e6 2. d4 d5 3. Nc3 Nf6 4. Bg5 dxe4 5. Nxe4 Nbd7 6. Nf3 Be7 7. Nxf6+ Nxf6 8. Bd3 O-O 9. O-O b6 10. c3 Bb7 11. Re1 Rc8 12. Qe2 c5 13. Rad1 h6 14. Bxf6 Bxf6 15. dxc5 $1 Rxc5 (15... Bd5 $11) 16. Bh7+ Kxh7 17. Rxd8 Rxd8 18. h3 Rcd5 $14 19. Qc2+ Kg8 20. Re3 Rd1+ 21. Kh2 Bxf3 22. Rxf3 R1d2 23. Qa4 Rxb2 24. Qxa7 Rdd2 25. Qa8+ Kh7 26. Qe4+ Kg8 27. Qa8+ Kh7 28. Qe4+ Kg8 29. Qa8+ 1/2-1/2

[Event "33rd Croatian Junior League 2024"]
[Site "Novalja"]
[Date "2024.04.07"]
[Round "8.5"]
[White "Vucenovic, Damian"]
[Black "Troselj, Ivan"]
[Result "0-1"]
[ECO "B00"]
[WhiteElo "2145"]
[BlackElo "2072"]
[Annotator "NA RC"]
[PlyCount "86"]
[EventDate "2024.03.28"]
[EventType "team-tourn"]
[EventCountry "CRO"]
[SourceTitle "playchess.com"]
[Source "ChessBase"]
[SourceQuality "1"]
[TimeControl "5400+30"]

1. e4 b6 2. d4 Bb7 3. Bd3 e6 4. Nf3 c5 5. c3 Nf6 6. Nbd2 Nc6 7. O-O cxd4 8. cxd4 Nb4 9. Bb1 Ba6 10. Re1 Nd3 11. Bxd3 Bxd3 12. Qb3 Ba6 13. e5 ({White should play} 13. Qa4 $14 Bb7 14. d5) 13... Nd5 14. Ne4 h6 15. Nfd2 $11 Qc7 16. Qg3 Qc2 17. Nb3 Bd3 18. f3 a5 19. Bd2 a4 20. Nd6+ Bxd6 21. exd6 Bg6 22. Bxh6 gxh6 23. Qe5 O-O 24. Nc1 Qxb2 25. Ne2 Rac8 26. h4 Rc2 27. h5 Bd3 28. Rab1 Qxa2 29. Ra1 Qc4 30. Nf4 f6 31. Nxd5 fxe5 32. Ne7+ Kh7 33. Ng6 Qxd4+ 34. Kh1 Bxg6 35. hxg6+ Kxg6 36. Re4 Qxa1+ 37. Kh2 Rxf3 38. Rg4+ Kf5 39. Rg5+ Ke4 40. Rh5 Rxg2+ 41. Kxg2 Qf1+ 42. Kh2 Qe2+ 43. Kh1 Rf1# 0-1

[Event "33rd Croatian Junior League 2024"]
[Site "Novalja"]
[Date "2024.04.07"]
[Round "8.6"]
[White "Damjanovic, Stjepan"]
[Black "Dumancic, Simun"]
[Result "1/2-1/2"]
[ECO "B33"]
[WhiteElo "2150"]
[BlackElo "2027"]
[Annotator "RC"]
[PlyCount "72"]
[EventDate "2024.03.28"]
[EventType "team-tourn"]
[EventCountry "CRO"]
[SourceTitle "playchess.com"]
[Source "ChessBase"]
[SourceQuality "1"]
[TimeControl "5400+30"]

1. e4 c5 2. Nf3 Nc6 3. d4 cxd4 4. Nxd4 Nf6 5. Nc3 e5 6. Ndb5 d6 7. Bg5 a6 8. Na3 b5 9. Nd5 Be7 10. Bxf6 Bxf6 11. c3 Bg5 12. Nc2 O-O 13. h4 Bh6 14. g4 Bf4 15. a4 bxa4 16. Rxa4 a5 17. Nce3 Rb8 18. Ra2 Be6 19. Nf5 Kh8 20. Bc4 g6 21. Nfe3 Qc8 22. g5 Bxe3 23. Nxe3 Ne7 24. b3 Qc5 25. Qf3 Kg8 26. Qf6 d5 27. exd5 Nxd5 28. Bxd5 Bxd5 29. Ng4 Qxc3+ 30. Rd2 Rfd8 31. Nh6+ Kf8 32. Qh8+ Ke7 33. Qf6+ Ke8 34. Rh3 Qxh3 35. Qh8+ Ke7 36. Qf6+ Ke8 1/2-1/2

[Event "33rd Croatian Junior League 2024"]
[Site "Novalja"]
[Date "2024.04.07"]
[Round "8.7"]
[White "Sagovac, Kristijan"]
[Black "Matosin, Jurica"]
[Result "1-0"]
[ECO "B44"]
[WhiteElo "2030"]
[BlackElo "1928"]
[Annotator "NA RC"]
[PlyCount "111"]
[EventDate "2024.03.28"]
[EventType "team-tourn"]
[EventCountry "CRO"]
[SourceTitle "playchess.com"]
[Source "ChessBase"]
[SourceQuality "1"]
[TimeControl "5400+30"]

1. e4 c5 2. Nf3 e6 3. d4 cxd4 4. Nxd4 Nc6 5. Nb5 d6 6. Be2 a6 7. N5c3 Nf6 8. O-O Be7 9. Be3 O-O 10. f4 b5 11. a3 Bb7 12. Nd2 Rc8 (12... d5 $15 13. exd5 exd5 (13... Nxd5 14. Nxd5 Qxd5 15. Bf3 $11)) 13. Bf3 Na5 14. Bd4 Nc4 (14... Re8 $15 {is more appropriate.}) 15. Nxc4 Rxc4 16. b3 Rc8 17. Qe1 $17 (17. e5 $15 {was preferrable.} Bxf3 18. Rxf3 dxe5 19. fxe5) 17... Nd7 18. e5 d5 19. b4 Nb8 20. Qf2 Qd7 21. Nd1 Nc6 22. Bb6 Bd8 23. Bc5 Be7 24. Bb6 Bd8 25. Nb2 Bxb6 26. Qxb6 Ne7 27. Nd3 Qc6 28. Qc5 Qe8 29. Qf2 Bc6 30. Nc5 Ra8 31. Be2 Nf5 32. Bd3 Nh6 33. c3 g6 34. Bc2 Qe7 35. h3 Rfd8 36. g4 Kh8 37. Kh2 a5 38. Bd3 axb4 39. axb4 Rg8 40. Nb3 g5 41. Rxa8 Bxa8 42. fxg5 Qxg5 43. Qf6+ Qxf6 44. Rxf6 Kg7 45. Bxb5 Rb8 46. Bd3 Ng8 47. Rf1 Ne7 48. Kg3 Nc6 49. Re1 Rc8 50. Nc5 d4 51. b5 Nxe5 52. Rxe5 dxc3 53. Bc2 Bd5 54. Nd7 f6 55. Rxd5 exd5 56. b6 1-0

[Event "33rd Croatian Junior League 2024"]
[Site "Novalja"]
[Date "2024.04.07"]
[Round "8.8"]
[White "Sosic, Zvan"]
[Black "Martic, Filip"]
[Result "1-0"]
[ECO "B27"]
[WhiteElo "1868"]
[BlackElo "1897"]
[Annotator "NA RC"]
[PlyCount "109"]
[EventDate "2024.03.28"]
[EventType "team-tourn"]
[EventCountry "CRO"]
[SourceTitle "playchess.com"]
[Source "ChessBase"]
[SourceQuality "1"]
[TimeControl "5400+30"]

1. e4 c5 2. Nf3 g6 3. d4 cxd4 4. Qxd4 Nf6 5. e5 Nc6 6. Qa4 Nd5 7. Qe4 Nb6 8. Nc3 d5 9. exd6 Bf5 10. dxe7 Bxe7 11. Qe3 Nb4 12. Bb5+ Nd7 13. Ba4 O-O 14. O-O Bxc2 15. a3 Bxa4 16. axb4 Bc6 17. b5 Bc5 18. Qf4 Bxf3 19. Qxf3 Ne5 20. Qxb7 Nd3 $16 21. Ne4 Nxc1 22. Raxc1 Bb6 23. Rfd1 Qh4 24. g3 Qh3 25. Nf6+ Kg7 26. Nd7 Rfe8 27. Nxb6 axb6 28. Rd7 Qf5 29. Rxf7+ Qxf7 30. Rc7 Ra1+ 31. Kg2 Rf8 32. Qxb6 Rb1 33. h4 Kg8 34. Rxf7 Rxf7 35. Qd8+ Kg7 36. b6 Re1 37. Qd4+ Kg8 38. Qc4 Ree7 39. g4 Rb7 40. Qd5 Rbd7 41. Qc5 Rb7 42. Kg3 Kg7 43. Qd4+ Kg8 44. f4 Rbd7 45. Qc4 Kg7 46. g5 Rfe7 47. Qc3+ Kg8 48. Kg4 Rf7 49. h5 gxh5+ 50. Kxh5 Rb7 51. Qc8+ Kg7 52. f5 Rfd7 53. Qe8 h6 54. f6+ Kh7 55. g6# 1-0

[Event "33rd Croatian Junior League 2024"]
[Site "Novalja"]
[Date "2024.04.07"]
[Round "8.9"]
[White "Boric, Jakov"]
[Black "Novosel, Lovro"]
[Result "1-0"]
[ECO "D61"]
[WhiteElo "1969"]
[BlackElo "2348"]
[Annotator "RC"]
[PlyCount "87"]
[EventDate "2024.03.28"]
[EventType "team-tourn"]
[EventCountry "CRO"]
[SourceTitle "playchess.com"]
[Source "ChessBase"]
[SourceQuality "1"]
[TimeControl "5400+30"]

1. d4 d5 2. c4 e6 3. Nc3 Nf6 4. Bg5 Nbd7 5. e3 c6 6. Qc2 Be7 7. Nf3 O-O 8. Rd1 h6 9. Bh4 a6 10. a3 b5 11. c5 a5 12. b4 Re8 13. Be2 Qc7 14. O-O Qa7 15. h3 Bd8 16. Bg3 Bc7 17. Ne5 Nxe5 18. dxe5 Nd7 19. f4 Bd8 20. Bh5 Rf8 21. Ne2 Nb8 22. Nd4 Bd7 23. f5 exf5 24. Nxf5 axb4 25. Nxh6+ gxh6 26. Rxf7 Rxf7 27. Bxf7+ Kf8 28. Qg6 Bg5 29. Qg8+ Ke7 30. e6 Qxc5 31. exd7 Nxd7 32. Qxa8 Kxf7 33. Rf1+ Bf6 34. axb4 Qxe3+ 35. Kh2 Qe6 36. Re1 Be5 37. Bxe5 Nxe5 38. Qa7+ Kf6 39. Qe3 h5 40. Qf4+ Qf5 41. Qh6+ Qg6 42. Qf8+ Nf7 43. Rf1+ Ke6 44. Qe8+ 1-0

[Event "33rd Croatian Junior League 2024"]
[Site "Novalja"]
[Date "2024.04.07"]
[Round "8.10"]
[White "Karlusic, Luka"]
[Black "Mimica, Matija"]
[Result "1-0"]
[ECO "E73"]
[WhiteElo "2232"]
[BlackElo "1894"]
[Annotator "RC"]
[PlyCount "61"]
[EventDate "2024.03.28"]
[EventType "team-tourn"]
[EventCountry "CRO"]
[SourceTitle "playchess.com"]
[Source "ChessBase"]
[SourceQuality "1"]
[TimeControl "5400+30"]

1. d4 Nf6 2. c4 g6 3. Nc3 Bg7 4. e4 d6 5. Be2 O-O 6. Be3 e5 7. d5 Nbd7 8. g4 Nc5 9. Bf3 a5 10. h4 Bd7 11. h5 c6 12. g5 Ne8 13. Qd2 cxd5 14. Nxd5 Bc6 15. O-O-O Bxd5 16. Qxd5 Ne6 17. hxg6 hxg6 18. Ne2 Rc8 19. Bg4 Qe7 20. Kb1 Rc6 21. Bxe6 Qxe6 22. Qxe6 fxe6 23. b3 Nc7 24. Nc3 Rd8 25. Rd2 Kf7 26. Rhd1 Ke7 27. Nb5 Rd7 28. Na7 Ra6 29. Nc8+ Kd8 30. Nxd6 Nd5 31. Nb5 1-0

[Event "33rd Croatian Junior League 2024"]
[Site "Novalja"]
[Date "2024.04.07"]
[Round "8.12"]
[White "Simunkovic, Bartol"]
[Black "Volic, Duje"]
[Result "0-1"]
[ECO "B86"]
[WhiteElo "1885"]
[BlackElo "1842"]
[Annotator "NA RC"]
[PlyCount "60"]
[EventDate "2024.03.28"]
[EventType "team-tourn"]
[EventCountry "CRO"]
[SourceTitle "playchess.com"]
[Source "ChessBase"]
[SourceQuality "1"]
[TimeControl "5400+30"]

1. e4 c5 2. Nf3 d6 3. d4 cxd4 4. Nxd4 Nf6 5. Nc3 a6 6. Bc4 e6 7. Bb3 Be7 8. O-O O-O 9. f4 Nbd7 10. f5 Nc5 11. Qe2 Nxb3 12. axb3 Bd7 13. Qd3 Ng4 14. h3 Ne5 15. Qd1 Rc8 16. Be3 Qc7 17. Qd2 Kh8 18. g4 Qd8 $11 19. Kh1 g6 20. Qf2 gxf5 21. gxf5 Bh4 22. Qf4 Rg8 23. Rg1 Qf6 24. Raf1 Rxg1+ 25. Bxg1 Bg5 26. Qh2 Rg8 27. Qe2 Qh6 28. Qh2 Bc1 29. Nf3 Bf4 30. Nxe5 Bxe5 0-1